 Dungeon Crawl Stone Soup version 0.23.2-33-g5129a83184 (webtiles) character file.

Game seed: 5380392107201528169

461 Revguard the Cudgeler (level 6, -6/59 HPs)
             Began as a Troll Gladiator on July 20, 2019.
             Was a Follower of Makhleb.
             Mangled by an ogre
             ... wielding a +0 giant club
              (17 damage)
             ... on level 5 of the Dungeon.
             The game lasted 00:09:18 (3154 turns).

Revguard the Cudgeler (Troll Gladiator)             Turns: 3154, Time: 00:09:19

Health: -6/59      AC:  9    Str: 19 (21) XL:     6   Next: 79%
Magic:  6/6        EV: 11    Int:  2 (4)  God:    Makhleb [*.....]
Gold:   46         SH:  0    Dex: 11 (13) Spells: 5/5 levels left

rFire    . . .     SeeInvis .   a - +0 flail
rCold    . . .     Gourm    +   (no shield)
rNeg     . . .     Faith    .   b - +1 robe
rPois    .         Spirit   .   r - +2 hat
rElec    .         Reflect  .   (no cloak)
rCorr    .         Harm     .   (gloves unavailable)
MR       .....                  (boots unavailable)
Stlth    +.........             (no amulet)
HPRegen  0.59/turn              i - ring of wizardry
MPRegen  0.10/turn              p - ring of wizardry

@: no status effects
A: large, unfitting armour, claws 3, fast metabolism 3, gourmand, regeneration
1, shaggy fur 1, tough skin 3, weak 1, evolution 1
a: Renounce Religion


You were on level 5 of the Dungeon.
You worshipped Makhleb.
Makhleb was aware of your devotion.
You were very full.

You visited 1 branch of the dungeon, and saw 5 of its levels.

You collected 142 gold pieces.
You spent 96 gold pieces at shops.

Inventory:

Hand Weapons
 a - a +0 flail (weapon)
Missiles
 d - 3 throwing nets (quivered)
Armour
 b - a +1 robe (worn)
 r - a +2 hat (worn)
Jewellery
 i - a ring of wizardry (left claw)
 p - a ring of wizardry (right claw)
Scrolls
 c - 2 scrolls of blinking
 e - a scroll of teleportation
 j - 3 scrolls of remove curse
 k - a scroll of fear
 m - 3 scrolls of identify
 n - a scroll of enchant armour
Potions
 l - a potion of ambrosia
Comestibles
 f - 7 rations


   Skills:
 + Level 2.7 Fighting
 + Level 5.3 Maces & Flails
 + Level 2.0 Throwing
 + Level 3.6 Dodging
 * Level 1.9 Invocations


You had 5 spell levels left.
You didn't know any spells.
Your spell library was empty.

Dungeon Overview and Level Annotations

Branches:
Dungeon (5/15)
 Temple: D:4-7

Altars:
Makhleb
Ru
Uskayaw
Vehumet
Xom

Shops:
D:4 !


Innate Abilities, Weirdness & Mutations

You are too large for most types of armour.
You have claws for hands.
Your metabolism is lightning-fast.
You like to eat raw meat.
Your natural rate of healing is unusually fast.
You are covered in fur. (AC +1)
You have extremely tough skin. (AC +3)
You are weak. (Str -2)
You evolve.


Message History

You barely miss the ogre. You closely miss the ogre.
The ogre hits you with a +0 giant club!!
You sock the ogre!
The ogre is moderately wounded.
The ogre hits you with a +0 giant club.
You hit the ogre.
The ogre is heavily wounded.
The ogre hits you with a +0 giant club!
You hit the ogre.
The ogre is severely wounded.
The ogre barely misses you.
You barely miss the ogre.
The ogre is severely wounded.
The ogre hits you with a +0 giant club!!
* * * LOW HITPOINT WARNING * * *
You thump the ogre!
The ogre is almost dead.
The ogre hits you with a +0 giant club!
You die...

#.....#
#.....#
#.....#
#...<.#
#.....#
#.....#
########..^..#
#............#
#....@..######
+..(.O..#
#.......#
#.......#
#.......#
#.......#
#.......#
#.......#


You could see an ogre.

Vanquished Creatures
  A phantom (D:4)
  A bullfrog zombie (D:4)
  An orc priest (D:4)
  3 orc wizards (D:4)
  Terence (D:2)
  A centaur skeleton (D:4)
  A worker ant (D:4)
  3 adders
  A shadow imp (D:3)
  2 oozes
  An adder skeleton (D:4)
  2 worms
  2 dart slugs
  3 leopard geckos
  7 orcs (D:4)
  4 ball pythons
  6 giant cockroaches
  9 hobgoblins
  4 jackals (D:2)
  4 quokkas
  8 bats
  2 frilled lizards (D:3)
  10 goblins
  6 kobolds
  A leopard gecko zombie (D:4)
  7 rats
91 creatures vanquished.

Notes
Turn   | Place    | Note
-------+----------+-------------------------------------------
     0 | D:1      | Revguard the Troll Gladiator began the quest for the Orb.
     0 | D:1      | Reached XP level 1. HP: 19/19 MP: 0/0
   119 | D:1      | Reached skill level 3 in Maces & Flails
   119 | D:1      | Reached XP level 2. HP: 27/27 MP: 1/1
   360 | D:1      | Reached XP level 3. HP: 35/35 MP: 2/2
   907 | D:2      | Noticed Terence
   915 | D:2      | Killed Terence
   915 | D:2      | Reached XP level 4. HP: 40/42 MP: 3/3
  1165 | D:2      | Reached skill level 4 in Maces & Flails
  1273 | D:2      | Found a radiant altar of Vehumet.
  1273 | D:2      | Found a burning altar of Makhleb.
  1289 | D:2      | Became a worshipper of Makhleb the Destroyer
  1533 | D:3      | Found a sacrificial altar of Ru.
  2148 | D:4      | Reached XP level 5. HP: 36/49 MP: 4/4
  2170 | D:4      | Reached skill level 1 in Invocations
  2222 | D:4      | Found a hide-covered altar of Uskayaw.
  2240 | D:4      | Found a shimmering altar of Xom.
  2240 | D:4      | Noticed a phantom
  2312 | D:4      | Killed a phantom
  2312 | D:4      | Reached skill level 5 in Maces & Flails
  2312 | D:4      | Reached XP level 6. HP: 30/59 MP: 4/6
  2332 | D:4      | Reached * piety under Makhleb
  2625 | D:4      | Found Erizeroip's Distillery.
  2637 | D:4      | Bought a potion of mutation for 96 gold pieces
  2637 | D:4      | Gained mutation: You evolve. [potion of mutation]
  2881 | D:4      | Gained mutation: You are weak. (Str -2) [evolution]
  3139 | D:5      | Entered Level 5 of the Dungeon
  3154 | D:5      | Mangled by an ogre

Skill      XL: |  1  2  3  4  5  6 |
---------------+-------------------+-----
Maces & Flails | 3 4 5 |  5.3
Fighting       | 2 |  2.7
Dodging        | 3 |  3.6
Invocations    | 1 |  1.9
Throwing       | 2 |  2.0

Action                   |  1- 3 |  4- 6 || total
-------------------------+-------+-------++-------
Melee: Flail             |   140 |   192 ||   332
Throw: Large rock        |       |     6 ||     6
  Use: Potion            |     1 |     6 ||     7
       Scroll            |       |     9 ||     9
 Stab: Invisible         |     3 |       ||     3
       Paralysed         |       |     1 ||     1
  Eat: Chunk             |    14 |    20 ||    34
Armor: Robe              |    96 |    79 ||   175
Dodge: Dodged            |   119 |    98 ||   217
